 Dungeon Sprint DCSS version 0.21-a0-72-gbbb65ab (webtiles) character file.

11481 Kidiri the Fighter (level 11, -3/156 HPs)
             Began as a Yellow Draconian Transmuter on June 20, 2017.
             Was the Champion of Wu Jian.
             Slain by a water elemental (8 damage)
             ... summoned by Ilsuiw
             ... in the Dungeon (Sprint VII: "The Pits").
             The game lasted 00:14:46 (1845 turns).

Kidiri the Fighter (Yellow Draconian Transmuter)    Turns: 1845, Time: 00:14:47

Health: -3/156     AC:  7    Str: 19    XL:     11   Next: 49%
Magic:  25/25      EV: 24    Int: 14    God:    Wu Jian [******]
Gold:   0          SH:  0    Dex: 13    Spells: 15/30 levels left

rFire    + . .     SeeInvis .     - Unarmed
rCold    . . .     Gourm    .   (shield currently unavailable)
rNeg     . . .     Faith    .   (armour unavailable)
rPois    .         Spirit   .   (helmet restricted)
rElec    .         Reflect  .   (no cloak)
rCorr    +         Harm     .   (gloves currently unavailable)
MR       .....     NoTele   +   (no boots)
Stlth    ..........             (no amulet)
HPRegen  0.36/turn              q - +3 ring of evasion
MPRegen  0.19/turn              r - +3 ring of evasion

@: berserking, short of breath, blade hands (expiring), slowed, glowing,
heavenly storm
A: spit acid, acid resistance, unfitting armour, big wings, fire resistance 1,
cold-blooded, AC +7
a: Breathe Acid, Fly, End Transformation, Serpent's Lash, Heavenly Storm,
Renounce Religion


You were in the Dungeon.
You worshipped Wu Jian.
Wu Jian was exalted by your worship.
You were not hungry.
You had blades for hands.
You visited 1 branch

Inventory:

Missiles
 a - 29 arrows
Armour
 u - a +0 pair of gloves (melded)
Jewellery
 q - a +3 ring of evasion (left scythe-like blade)
 r - a +3 ring of evasion (right scythe-like blade)
Scrolls
 i - a scroll of blinking
 k - 3 scrolls of remove curse
 l - 5 scrolls of amnesia
 m - a scroll of summoning
Potions
 d - 5 potions of curing
 e - 2 potions of heal wounds
 f - 2 potions of haste
 g - 4 potions of magic
 h - a potion of berserk rage
 j - 2 potions of invisibility
 s - 2 potions of brilliance
 t - a potion of agility
 v - a potion of degeneration {unknown}
Books
 b - a book of Changes

   Spells                             Type                      Level
   a - Beastly Appendage              Transmutation                1
   b - Sticks to Snakes               Transmutation                2
   c - Spider Form                    Transmutation/Poison         3
   d - Ice Form                       Ice/Transmutation            4
   e - Blade Hands                    Transmutation                5
Comestibles
 c - 8 bread rations
 n - 29 fruits
 o - 7 meat rations
 p - 7 chunks of flesh


   Skills:
 * Level 12.2 Fighting
 * Level 10.4 Dodging
 * Level 11.1 Stealth
 * Level 11.6 Unarmed Combat
 * Level 10.4 Spellcasting
 * Level 11.5 Transmutations
 + Level 7.3 Ice Magic
 + Level 7.7 Poison Magic


You had 15 spell levels left.
You knew the following spells:

 Your Spells              Type           Power        Failure   Level  Hunger
a - Beastly Appendage     Tmut           #####.       7%          1    None
b - Spider Form           Tmut/Pois      ####......   12%         3    #......
c - Ice Form              Ice/Tmut       ####....     21%         4    ###....
d - Blade Hands           Tmut           #####.....   22%         5    #####..
e - Sticks to Snakes      Tmut           #####...     8%          2    None


Dungeon Overview and Level Annotations

Branches:
Dungeon (1/1)

Altars:
Ashenzari
Cheibriados
Dithmenos
Elyvilon
Fedhas
Gozag
Hepliaklqana
Kikubaaqudgha
Makhleb
Nemelex Xobeh
Okawaru
Qazlal
Ru
Sif Muna
Trog
Uskayaw
Vehumet
Wu Jian
Xom
Yredelemnul
Zin
The Shining One
Beogh
Jiyva
Lugonu

Annotations:
D Ilsuiw


Innate Abilities, Weirdness & Mutations

You can spit globs of acid.
You are resistant to acid.
Your golden yellow scales are hard. (AC +7)
You cannot fit into any form of body armour.
You are cold-blooded and may be slowed by cold attacks.
Your large and strong wings let you fly indefinitely.
Your flesh is heat resistant. (rF+)


Message History

* * * LOW HITPOINT WARNING * * *
You spin and attack the water elemental.
You hit the water elemental. You tail-slap the water elemental!
The water elemental is moderately damaged.
The water elemental closely misses you.
You feel much better. The water elemental misses you.
The merfolk impaler misses you. The water elemental misses you.
Ilsuiw hits you from afar with a trident of freezing!
* * * LOW HITPOINT WARNING * * *
You feel yourself slow down. Ilsuiw freezes you.
* * * LOW HITPOINT WARNING * * *
Unknown command.
A red film seems to cover your vision as you go berserk!
You feel yourself moving faster!
You feel mighty!
Your transformation is almost over.
You feel less exhausted.
The merfolk impaler hits you from afar with a trident of protection!!
* * * LOW HITPOINT WARNING * * *
The water elemental misses you. The merfolk impaler misses you.
The water elemental hits you!
You die...

# # # ####### ##########
####
..'...###........###...
..'.....##......##....#
..##.....##..).##§§#.#
...###....#.%..#§§§..#
.....###.###.)##@#§#.#
..#...#....#(.#§EE§§§#
......'....'..§§m§m§§+
..#...#....#..#§§§§§§#
.....###[###..##f#§#§#
...###)...#....#§§§§§#
..##..)..##....##§§#§#
..+)[)).##......##§§..#
..+...###........###§...


You could see Ilsuiw, a merfolk impaler and 2 water elementals.

Vanquished Creatures
  An emperor scorpion (D)
  A death yak (D)
  An orc high priest (D)
  A shadow wraith (D)
  A spriggan druid (D)
  A sea snake (D)
  2 lindwurms (D)
  A deep elf mage (D)
  A cyclops (D)
  4 merfolk sirens (D)
  Joseph (D)
  A freezing wraith (D)
  A rime drake (D)
  A merfolk (D)
  Grinder (D)
  A hornet (D)
  4 dream sheep (D)
  A redback (D)
  3 yaks (D)
  2 wyverns (D)
  2 acid dragons (D)
  A soldier ant (D)
  A floating eye (D)
  A porcupine (D)
  2 water moccasins (D)
  A sky beast (D)
  3 orc warriors (D)
  A phantom (D)
  An ogre (D)
  A centaur (D)
  A crimson imp (D)
  An orc wizard (D)
  An orc priest (D)
  A gnoll shaman (D)
  Ijyb (D)
  A worker ant (D)
  2 mummies (D)
  5 gnolls (D)
  2 ufetubi (D)
  2 leopard geckos (D)
  7 orcs (D)
  A bat skeleton (D)
  2 giant cockroaches (D)
  2 hobgoblins (D)
  5 jackals (D)
  A ball python (D)
  A frilled lizard (D)
  2 goblins (D)
  A leopard gecko skeleton (D)
  A leopard gecko zombie (D)
84 creatures vanquished.

Notes
Turn   | Place    | Note
-------+----------+-------------------------------------------
     0 | D        | Kidiri the Draconian Transmuter began the quest for the Orb.
     0 | D        | Reached XP level 1. HP: 16/16 MP: 3/3
    22 | D        | Reached skill level 1 in Stealth
    57 | D        | Found a bloodstained altar of Trog.
    57 | D        | Found a deep blue altar of Sif Muna.
    57 | D        | Found a viscous altar of Jiyva.
    57 | D        | Found a hazy altar of Hepliaklqana.
    57 | D        | Found an opulent altar of Gozag.
    58 | D        | Found a glowing golden altar of the Shining One.
    58 | D        | Found a glowing silver altar of Zin.
    58 | D        | Found a basalt altar of Yredelemnul.
    58 | D        | Found a shimmering altar of Xom.
    58 | D        | Found an ornate altar of the Wu Jian Council.
    58 | D        | Found a sacrificial altar of Ru.
    58 | D        | Found a stormy altar of Qazlal.
    58 | D        | Found an iron altar of Okawaru.
    58 | D        | Found a sparkling altar of Nemelex Xobeh.
    58 | D        | Found a burning altar of Makhleb.
    58 | D        | Found a blossoming altar of Fedhas.
    58 | D        | Found a white marble altar of Elyvilon.
    58 | D        | Found a shadowy altar of Dithmenos.
    58 | D        | Found a snail-covered altar of Cheibriados.
    60 | D        | Found a radiant altar of Vehumet.
    60 | D        | Found a corrupted altar of Lugonu.
    60 | D        | Found a roughly hewn altar of Beogh.
    61 | D        | Found a hide-covered altar of Uskayaw.
    61 | D        | Found an ancient bone altar of Kikubaaqudgha.
    61 | D        | Found a shattered altar of Ashenzari.
    67 | D        | Became a worshipper of the Wu Jian Council
   201 | D        | Reached * piety under Wu Jian
   204 | D        | Reached skill level 2 in Fighting
   207 | D        | Reached XP level 2. HP: 23/24 MP: 2/5
   208 | D        | Reached ** piety under Wu Jian
   259 | D        | Reached XP level 3. HP: 18/30 MP: 4/7
   261 | D        | Reached skill level 3 in Fighting
   281 | D        | Learned a level 3 spell: Spider Form
   541 | D        | Reached *** piety under Wu Jian
   596 | D        | Noticed a water moccasin
   611 | D        | Reached skill level 1 in Poison Magic
   624 | D        | Killed a water moccasin
   624 | D        | Reached **** piety under Wu Jian
   624 | D        | Reached skill level 4 in Fighting
   624 | D        | Reached skill level 5 in Unarmed Combat
   624 | D        | Reached XP level 4. HP: 41/41 MP: 3/10
   624 | D        | Reached XP level 5. HP: 47/47 MP: 3/11
   627 | D        | Reached skill level 5 in Fighting
   631 | D        | Reached skill level 5 in Transmutations
   634 | D        | Reached ***** piety under Wu Jian
   673 | D        | Learned a level 4 spell: Ice Form
   679 | D        | Learned a level 5 spell: Blade Hands
   716 | D        | Noticed a sky beast
   730 | D        | Killed a sky beast
   730 | D        | Reached skill level 5 in Stealth
   730 | D        | Reached skill level 5 in Spellcasting
   730 | D        | Reached skill level 1 in Ice Magic
   730 | D        | Reached XP level 6. HP: 38/57 MP: 1/13
   735 | D        | Gained mutation: Your flesh is heat resistant. (rF+) [mutagenic meat]
   737 | D        | Gained mutation: Your large and strong wings let you fly indefinitely. [mutagenic meat]
   941 | D        | Noticed a deep elf mage
   942 | D        | Killed a deep elf mage
   942 | D        | Reached skill level 7 in Fighting
   942 | D        | Reached skill level 5 in Dodging
   942 | D        | Your scales start taking on a golden yellow colour.
   942 | D        | Reached XP level 7. HP: 66/66 MP: 9/16
   989 | D        | Noticed a merfolk siren
   989 | D        | Noticed an emperor scorpion
   996 | D        | Killed a merfolk siren
   996 | D        | Reached XP level 8. HP: 44/74 MP: 12/17
   999 | D        | Killed an emperor scorpion
   999 | D        | Reached skill level 9 in Fighting
   999 | D        | Reached skill level 5 in Poison Magic
   999 | D        | Reached XP level 9. HP: 29/83 MP: 12/20
  1246 | D        | Noticed a sea snake
  1257 | D        | Killed a sea snake
  1257 | D        | Reached skill level 5 in Ice Magic
  1294 | D        | Noticed a shadow wraith
  1296 | D        | Killed a shadow wraith
  1296 | D        | Reached skill level 10 in Fighting
  1296 | D        | Reached XP level 10. HP: 69/93 MP: 18/22
  1412 | D        | Noticed a cyclops
  1417 | D        | Killed a cyclops
  1418 | D        | Reached skill level 10 in Unarmed Combat
  1439 | D        | Noticed Grinder
  1442 | D        | Noticed an orc high priest
  1445 | D        | Reached ****** piety under Wu Jian
  1451 | D        | Noticed a rust devil
  1456 | D        | Killed Grinder
  1456 | D        | Reached skill level 10 in Transmutations
  1459 | D        | Noticed a rust devil
  1460 | D        | Noticed a smoke demon
  1462 | D        | HP: 3/94 [dream sheep (9)]
  1464 | D        | Reached skill level 11 in Fighting
  1464 | D        | Killed an orc high priest
  1464 | D        | Reached skill level 10 in Stealth
  1470 | D        | Noticed Ijyb
  1471 | D        | Killed Ijyb
  1746 | D        | Noticed a spriggan druid
  1755 | D        | Killed a spriggan druid
  1755 | D        | Reached XP level 11. HP: 88/102 MP: 24/24
  1809 | D        | Learned a level 2 spell: Sticks to Snakes
  1813 | D        | Noticed Ilsuiw
  1813 | D        | Noticed a death yak
  1814 | D        | Noticed a merfolk impaler
  1815 | D        | Noticed Joseph
  1815 | D        | Noticed a lindwurm
  1817 | D        | Noticed a lindwurm
  1819 | D        | Killed Joseph
  1822 | D        | Reached skill level 10 in Dodging
  1822 | D        | Reached skill level 10 in Spellcasting
  1823 | D        | Killed a death yak
  1825 | D        | Killed a lindwurm
  1825 | D        | Reached skill level 12 in Fighting
  1827 | D        | Killed a lindwurm
  1835 | D        | HP: 1/104 [Ilsuiw/shard of ice (36)]
  1842 | D        | HP: 5/104 [Ilsuiw/trident of freezing (4)]
  1845 | D        | Slain by a water elemental

Vault maps used:
D:        pitsprint

Skill      XL: |  1  2  3  4  5  6  7  8  9 10 11 |
---------------+----------------------------------+-----
Stealth        | 1 2 4 5 6 8 9 10 11 | 11.1
Dodging        | 2 3 4 5 6 7 8 9 10 | 10.4
Fighting       | 2 4 5 7 9 10 11 12 | 12.2
Spellcasting   | 3 4 5 6 7 8 9 10 | 10.4
Transmutations | 3 4 5 6 7 8 9 10 11 | 11.5
Unarmed Combat | 5 6 7 8 9 10 11 | 11.6
Poison Magic   | 2 3 4 5 7 |  7.7
Ice Magic      | 1 2 3 4 5 6 7 |  7.3

Action                   |  1- 3 |  4- 6 |  7- 9 | 10-12 || total
-------------------------+-------+-------+-------+-------++-------
Melee: Unarmed           |    45 |    27 |    36 |   124 ||   232
       Headbutt          |     3 |     2 |       |     5 ||    10
       Tailslap          |     3 |       |     4 |    13 ||    20
       Kick              |     1 |       |       |       ||     1
       Punch             |       |       |     1 |     3 ||     4
 Cast: Beastly Appendage |     5 |       |       |     2 ||     7
       Spider Form       |     3 |       |       |       ||     3
       Ice Form          |       |     2 |       |       ||     2
       Blade Hands       |       |       |     3 |     4 ||     7
Invok: Heavenly Storm    |       |       |     2 |     4 ||     6
       Serpent's Lash    |       |       |     1 |     3 ||     4
 Abil: Breathe Acid      |       |       |     2 |     1 ||     3
  Use: Potion            |     4 |     1 |     1 |     8 ||    14
 Stab: Sleeping          |       |     1 |       |     1 ||     2
  Eat: Fruit             |       |    11 |       |       ||    11
       Chunk             |       |     4 |       |       ||     4
Armor: Skin              |     9 |     7 |     3 |     7 ||    26
Dodge: Dodged            |    40 |     5 |    19 |    97 ||   161
